 Dungeon Crawl Stone Soup version 0.30.0-10-gfe55d96785 (webtiles) character file.

Game seed: 14893016880281696468

108 Spionbil2 the Ogre Mage (level 4, -1/40 HPs)
             Began as an Ogre Hedge Wizard on May 16, 2023.
             Slain by Sigmund
             ... wielding a +0 scythe
              (4 damage)
             ... on level 3 of the Dungeon.
             The game lasted 00:14:42 (2164 turns).

Spionbil2 the Ogre Mage (Ogre Hedge Wizard)         Turns: 2164, Time: 00:14:43

Health: -1/40      AC:  4    Str: 14    XL:     4   Next: 87%
Magic:  3/10       EV: 15    Int: 23    God:
Gold:   67         SH:  0    Dex:  8    Spells: 10/12 levels left

rFire   + . .        g - staff of fire
rCold   . . .        (no shield)
rNeg    . . .        b - +1 robe
rPois   .            c - +0 hat
rElec   .            (no cloak)
rCorr   .            (gloves unavailable)
SInv    .            (boots unavailable)
Will    .....        (no amulet)
Stlth   +            l - +5 ring of evasion
HPRegen 0.26/turn    r - +6 ring of intelligence
MPRegen 0.12/turn

%: no passive effects
@: hasted (expiring), very quick
A: large, unfitting armour, tough skin 1
a: no special abilities


You were on level 3 of the Dungeon.
You visited 1 branch of the dungeon, and saw 3 of its levels.

You collected 67 gold pieces.

Inventory:

Hand Weapons
 a - a +0 dagger
Armour
 b - a +1 robe (worn)
 c - a +0 hat (worn)
 o - an orb of guile
Magical Staves
 g - a staff of fire (weapon)
 j - a staff of cold
Jewellery
 l - a +5 ring of evasion (left hand)
 r - a +6 ring of intelligence (right hand)
Scrolls
 h - 3 scrolls of identify
 i - 2 scrolls of amnesia
Potions
 d - a potion of magic
 e - a potion of haste
 f - a potion of heal wounds
 m - a potion of brilliance {unknown}
 p - 2 potions of flight {unknown}


   Skills:
 + Level 0.5 Fighting
 + Level 1.1 Staves
 + Level 2.4 Dodging
 + Level 1.7 Stealth
 + Level 4.7 Spellcasting
 + Level 1.3 Conjurations
 + Level 0.1 Hexes
 - Level 0.8 Summonings
 + Level 0.8 Translocations
 * Level 0.8 Fire Magic


You had 10 spell levels left.
You knew the following spells:

 Your Spells              Type           Power      Damage    Failure   Level
a - Magic Dart            Conj           44%        1d5       5%          1
b - Slow                  Hex            24%        N/A       9%          1

Your spell library contained the following spells:

 Spells                   Type           Power      Damage    Failure   Level
 Blink                    Tloc           18%        N/A       11%         2
 Call Imp                 Summ           18%        N/A       11%         2
 Cigotuvi's Dreadful Rot  Necr/Pois/Air  10%        N/A       14%         2
 Hailstorm                Conj/Ice       8%         3d4       22%         3
 Mephitic Cloud           Conj/Pois/Air  7%         N/A       24%         3
 Vhi's Electric Charge    Tloc/Air       14%        N/A       24%         3
 Ice Form                 Ice/Tmut       5%         N/A       67%         4
 Arcjolt                  Conj/Air       4%         1d14      90%         5
 Simulacrum               Ice/Necr       2%         N/A       100%        6
 Maxwell's Capacitive Co  Air            2%         ∞         100%        8


Dungeon Overview and Level Annotations

Branches:
Dungeon (3/15)

Altars:

Annotations:
D:3 Sigmund


Innate Abilities, Weirdness & Mutations

You are too large for most types of armour.
You have tough skin. (AC +1)


Message History

You barely miss Sigmund.
Sigmund is moderately wounded.
You hit Sigmund but do no damage.
Sigmund is moderately wounded.
Sigmund hits you with a +0 scythe!
* * * LOW HITPOINT WARNING * * *
You hit Sigmund.
Sigmund is moderately wounded.
You barely miss Sigmund.
Sigmund is moderately wounded.
Sigmund completely misses you.
You hit Sigmund.
Sigmund is heavily wounded.
You hit Sigmund. You punch Sigmund.
Sigmund is severely wounded.
Sigmund hits you with a +0 scythe.
* * * LOW HITPOINT WARNING * * *
You hit Sigmund.
Sigmund is severely wounded.
You hit Sigmund.
Sigmund is almost dead.
Sigmund closely misses you.
You hit Sigmund but do no damage.
Sigmund is almost dead.
You barely miss Sigmund.
Sigmund is almost dead.
Sigmund completely misses you.
You closely miss Sigmund.
Sigmund is almost dead.
You hit Sigmund.
Sigmund is almost dead.
Sigmund gestures at you while chanting. The magic dart hits you.
* * * LOW HITPOINT WARNING * * *
You hit Sigmund.
Sigmund is almost dead.
Your extra speed is starting to run out.
You feel your willpower return. Sigmund hits you with a +0 scythe.
You die...

# ##'#
#######.....
#........... ###
#..†........ ..
#@.#######.# #
#.@# # #### #..#
. ..## #..# #.
#.## #..#
#.####.## #..## #
...##.##
#..##.##.#
#.##.##
##$......#
#...).)
#.##.##.###†##.##


You could see Sigmund.

Vanquished Creatures
  6 adders
  A worm (D:2)
  A dart slug (D:2)
  2 orcs (D:3)
  4 ball pythons
  5 bats
  2 endoplasms
  2 giant cockroaches
  3 goblins (D:1)
  2 hobgoblins (D:1)
  3 jackals (D:2)
  2 kobolds
  3 quokkas
  4 frilled lizards
  7 rats
47 creatures vanquished.

Notes
Turn   | Place    | Note
-------+----------+-------------------------------------------
     0 | D:1      | Spionbil2 the Ogre Hedge Wizard began the quest for the
                  | Orb.
     0 | D:1      | Reached XP level 1. HP: 16/16 MP: 5/5
   119 | D:1      | Reached skill level 4 in Spellcasting
   223 | D:1      | Reached skill level 1 in Conjurations
   223 | D:1      | Reached XP level 2. HP: 16/24 MP: 2/7
   782 | D:2      | Learned a level 1 spell: Slow
  1029 | D:2      | Reached XP level 3. HP: 31/31 MP: 4/8
  1552 | D:2      | Reached XP level 4. HP: 40/40 MP: 6/10
  1855 | D:2      | Reached skill level 1 in Staves
  2083 | D:3      | Noticed Sigmund
  2164 | D:3      | Slain by Sigmund

Illustrated notes

Levels and vault maps discovered:
D:1:      eino_arrival_water_cross, layout_basic, fountainhead
D:2:      layout_basic, minmay_misc_feat_x, minivault_25
D:3:      minmay_roachtagon, layout_basic, minivault_26, minmay_hedge_maze,
          roderic_nine_men_s_morris, uniq_sigmund

Skill      XL: |  1  2  3  4 |
---------------+-------------+-----
Spellcasting   | 4 |  4.7
Conjurations   | 1 |  1.3
Dodging        | 2 |  2.4
Staves         | 1 |  1.1
Fighting       | |  0.5
Stealth        | |  1.7
Hexes          | |  0.1
Summonings     | |  0.8
Translocations | |  0.8
Fire Magic     | |  0.8

Action                     |  1- 3 |  4- 6 || total
---------------------------+-------+-------++-------
  Melee: Dagger            |     7 |       ||     7
         Staff             |   113 |   108 ||   221
         Punch             |     1 |     1 ||     2
   Cast: Magic Dart        |    37 |    19 ||    56
         Slow              |     3 |    13 ||    16
    Use: Scroll            |       |     4 ||     4
         Potion            |       |     2 ||     2
   Stab: Sleeping          |     1 |       ||     1
 Armour: Robe              |    24 |    19 ||    43
  Dodge: Dodged            |    75 |   105 ||   180
